 Dungeon Sprint DCSS version 0.30-a0-772-g5528072125 (webtiles) character file.

Game seed: 12441466487598389135

145 rocky1 the Basher (level 5, -5/50 HPs)
             Began as an Ogre Gladiator on Feb 13, 2023.
             Slain by an ogre
             ... wielding a +0 giant club
              (23 damage)
             ... in the Dungeon (Sprint IX: "|||||||||||||||||||||||||||||").
             The game lasted 00:00:37 (122 turns).

rocky1 the Basher (Ogre Gladiator)                   Turns: 122, Time: 00:00:38

Health: -5/50      AC:  3    Str: 20    XL:     5   Next: 27%
Magic:  5/5        EV: 10    Int:  9    God:
Gold:   0          SH:  0    Dex: 10    Spells: 4/4 levels left

rFire   . . .      SeeInvis .    a - +0 flail
rCold   . . .      Faith    .    (no shield)
rNeg    . . .      Spirit   .    b - +0 robe
rPois   .          Reflect  .    c - +0 hat
rElec   .          Harm     .    (no cloak)
rCorr   .          Rampage  .    (gloves unavailable)
Will    .....      NoTele   +    (boots unavailable)
Stlth   +                        (no amulet)
HPRegen 0.28/turn                (no ring)
MPRegen 0.09/turn                (no ring)

@: on berserk cooldown, hasted and slowed
A: large, unfitting armour, tough skin 1
a: no special abilities


You were in the Dungeon.
You visited 1 branch

Inventory:

Hand Weapons
 a - a +0 flail (weapon)
Missiles
 d - 3 throwing nets (quivered)
 e - a large rock
Armour
 b - a +0 robe (worn)
 c - a +0 hat (worn)
Scrolls
 k - a scroll of blinking
Potions
 f - a potion of curing
 i - 2 potions of magic


   Skills:
 - Level 2.6 Fighting
 * Level 9.7 Maces & Flails
 - Level 2.0 Throwing
 - Level 2.6 Dodging


You had 4 spell levels left.
You didn't know any spells.
Your spell library was empty.

Dungeon Overview and Level Annotations

Branches:
Dungeon (1/1)

Altars:


Innate Abilities, Weirdness & Mutations

You are too large for most types of armour.
You have tough skin. (AC +1)


Message History

Your Maces & Flails skill increases to level 7!
You have reached level 4!
Unknown command.
You feel much better. The phantom hits you. x2
Unknown command.
You closely miss the phantom. The phantom barely misses you.
You feel yourself speed up. The phantom hits you.
The phantom barely misses you.
You hit the phantom.
The phantom is lightly damaged.
The phantom hits you!
You thump the phantom!
The phantom is moderately damaged.
The phantom hits you.
You hit the phantom.
The phantom is heavily damaged.
Your attacks no longer feel as feeble.
The phantom hits you.
You thump the phantom!
The phantom is severely damaged.
The phantom hits you.
You barely miss the phantom.
The phantom is severely damaged.
The phantom hits you.
You closely miss the phantom.
The phantom is severely damaged.
The phantom closely misses you.
You barely miss the phantom.
The phantom is severely damaged.
The phantom hits you but does no damage.
You barely miss the phantom.
The phantom is severely damaged.
The phantom barely misses you.
You sock the phantom!
You destroy the phantom!
Your Maces & Flails skill gained 2 levels and is now at level 9!
You have reached level 5!
You hit the ogre but do no damage.
The ogre hits you with a +0 giant club!!
You die...

▓+▓
▓.▓
▓.▓
▓.▓
▓.▓
▓.▓
▓O▓
▓@▓
▓.▓
▓.▓
▓.▓
▓)▓
▓'▓
▓.▓
▓.▓
▓.▓


You could see an ogre.

Vanquished Creatures
  A phantom (D)
  A hound (D)
  A gnoll bouda (D)
  An adder (D)
  A hobgoblin (D)
  A ball python (D)
  A bat (D)
  A kobold (D)
  A rat (D)
9 creatures vanquished.

Notes
Turn   | Place    | Note
-------+----------+-------------------------------------------
     0 | D        | rocky1 the Ogre Gladiator began the quest for the Orb.
     0 | D        | Reached XP level 1. HP: 22/22 MP: 1/1
     8 | D        | Reached skill level 3 in Maces & Flails
    26 | D        | Reached skill level 4 in Maces & Flails
    84 | D        | Noticed an ogre
    84 | D        | Noticed a phantom
    84 | D        | Noticed a gnoll bouda
    84 | D        | Noticed a hound
    99 | D        | Reached skill level 5 in Maces & Flails
    99 | D        | Reached XP level 2. HP: 25/29 MP: 2/2
   105 | D        | Reached skill level 6 in Maces & Flails
   105 | D        | Reached XP level 3. HP: 23/36 MP: 3/3
   110 | D        | Reached skill level 7 in Maces & Flails
   110 | D        | Reached XP level 4. HP: 8/44 MP: 4/4
   121 | D        | Killed a phantom
   122 | D        | Reached skill level 9 in Maces & Flails
   122 | D        | Reached XP level 5. HP: 18/50 MP: 5/5
   122 | D        | Slain by an ogre

Illustrated notes

Levels and vault maps discovered:
D:        linesprint [early_d, line_temple, items_1, d_10, items_2, lair_1,
          lair_end, items_3, orc_1, orc_end, items_4, d_15, swamp_1, shoals_1,
          snake_1, spider_1, d_20, vaults_1, items_5, swamp_end, shoals_end,
          snake_end, spider_end, vaults_end, d_27, items_6, zot_1, zot_end,
          crypt_end, forest_end, elf_end, slime_end, tomb_end, abyss_end,
          pan_hell_end]

Skill      XL: |  1  2  3  4 |
---------------+-------------+-----
Maces & Flails | 5 6 7 9 |  9.7
Fighting       | |  2.6
Throwing       | |  2.0
Dodging        | |  2.6

Action                     |  1- 3 |  4- 6 || total
---------------------------+-------+-------++-------
  Melee: Flail             |    45 |    11 ||    56
    Use: Potion            |     1 |     2 ||     3
 Armour: Robe              |    13 |     1 ||    14
  Dodge: Dodged            |    23 |     4 ||    27

Table legend: (Time is in decaauts)
 A = Elapsed time spent in this place.
 B = Non-inter-level travel time spent in this place.
 C = Inter-level travel time spent in this place.
 D = Time resting spent in this place.
 E = Time spent auto-exploring this place.
 F = Levels seen in this place.
 G = Mean time per level.
                   A        B        C        D        E       F      G
               +--------+--------+--------+--------+--------+-----+--------+
         Total |    125 |    125 |      0 |     53 |      0 |   1 |  125.0 |
       Dungeon |    125 |    125 |      0 |     53 |      0 |   1 |  125.0 |
               +--------+--------+--------+--------+--------+-----+--------+

Top non-repeatable levels by time:
       D: 125 daAuts
